 Dungeon Crawl Stone Soup version 0.17.1-3-g152610e (webtiles) character file.

250 Metrazal the Sneak (level 5, -13/25 HPs)
             Began as a Spriggan Assassin on Mar 6, 2016.
             Killed from afar by Kiel97's ghost (14 damage)
             ... with a puff of flame
             ... on level 3 of the Dungeon.
             The game lasted 00:21:59 (3383 turns).

Metrazal the Sneak (Spriggan Assassin)              Turns: 3383, Time: 00:22:01

Health: -13/25     AC:  3    Str: 11    XL:     5   Next: 88%
Magic:  6/6        EV: 21    Int: 12    God:
Gold:   247        SH:  0    Dex: 21    Spells: 0 memorised, 4 levels left

rFire  . . .     SeeInvis +     c - +0 hunting sling
rCold  . . .     Clarity  .     k - +0 robe
rNeg   . . .     SustAt   .     (shield restricted)
rPois  .         Gourm    .     (helmet restricted)
rElec  .         Spirit   .     d - +0 cloak
rCorr  .         Warding  .     (gloves unavailable)
rMut   .         Stasis   .     (boots unavailable)
MR     .....                    (no amulet)
Stlth  +++++.....               q - +2 ring of dexterity
                                o - +4 ring of strength

@: very quick, not resistant to hostile enchantments, quite stealthy
A: unfitting armour, see invisible, herbivore 3, speed 3, slow metabolism 2
a: no special abilities


You were on level 3 of the Dungeon.
You were full.

You visited 1 branch of the dungeon, and saw 3 of its levels.

You collected 247 gold pieces.

Inventory:

Hand Weapons
 a - a +2 dagger
 b - a +0 blowgun
 c - a +0 hunting sling (weapon)
Missiles
 e - 8 poisoned needles
 f - 2 curare-tipped needles
 h - 185 stones
 r - 36 arrows
 s - 18 arrows of dispersal
 u - a sling bullet (quivered)
Armour
 d - a +0 cloak (worn)
 k - a +0 robe (worn)
Jewellery
 o - a +4 ring of strength (left hand)
 q - a +2 ring of dexterity (right hand)
Scrolls
 j - 5 scrolls of identify {unknown}
 n - 2 scrolls of teleportation {unknown}
 p - a scroll of remove curse {unknown}
 t - a scroll of blinking {unknown}
 v - a scroll of fog {unknown}
Potions
 i - a potion of flight {unknown}
 l - 2 potions of resistance {unknown}
 m - 2 potions of curing
 w - a potion of haste {unknown}
Comestibles
 g - a bread ration


   Skills:
 - Level 1.5 Fighting
 + Level 3.7 Short Blades
 + Level 3.0(3.4) Slings
 - Level 2.0(2.5) Throwing
 + Level 4.3 Dodging
 + Level 7.7 Stealth


You had 4 spell levels left.
You didn't know any spells.

Dungeon Overview and Level Annotations

Branches:
Dungeon (3/15)

Altars:

Annotations:
D:3 Kiel97's ghost, amateur DsFE


Innate Abilities, Weirdness & Mutations

You are tiny and cannot use many weapons and most armour.
You have supernaturally acute eyesight.
You are a herbivore.
You cover ground extremely quickly.
You need consume almost no food.


Message History

Press: ? - help, Shift-Dir - straight line, f/p - Kiel97's ghost
Aim: Kiel97's ghost (heavily damaged)
You shoot a sling bullet. The sling bullet hits Kiel97's ghost.
Kiel97's ghost is severely damaged.
Kiel97's ghost gestures at you while chanting.
The flame tongue hits you!
Ouch! That really hurt!
* * * LOW HITPOINT WARNING * * *
Kiel97's ghost points at you and mumbles some strange words.
The puff of flame misses you.
Firing (i - inventory. (,) - cycle):
u - 2 sling bullets (quivered)
Press: ? - help, Shift-Dir - straight line, f/p - Kiel97's ghost
Aim: Kiel97's ghost (severely damaged)
You shoot a sling bullet.
The sling bullet hits Kiel97's ghost but does no damage.
Kiel97's ghost is severely damaged.
Kiel97's ghost points at you and mumbles some strange words.
The puff of flame hits you!
Ouch! That really hurt!
You die...

# #...# ... # #...# #.# ######
#####...#########.# .....#
................#.# ##.....#
................#>####.......#
............<.........#......#
.####...#.#####(...W..(# .#
#...#.....[(..##(#.# .#
#...#######.@###(#.#####.## .#
#...#######.(##......>.....
#####................#.#####.##
...............#.##.##)#
...............#...(...#
.........<.....####.####
.......#.......####.#
.......#............#
................#####


You could see Kiel97's ghost.

Vanquished Creatures
  An ogre (D:3)
  An orc wizard (D:3)
  7 adders
  2 worms
  5 giant geckos
  4 orcs (D:3)
  A ball python (D:1)
  2 bats
  7 hobgoblins
  8 kobolds
  A quokka (D:2)
  6 giant cockroaches
  4 giant newts
  8 goblins
  5 rats
62 creatures vanquished.

Notes
Turn   | Place    | Note
--------------------------------------------------------------
     0 | D:1      | Metrazal the Spriggan Assassin began the quest for the Orb.
     0 | D:1      | Reached XP level 1. HP: 10/10 MP: 2/2
    83 | D:1      | Reached skill level 6 in Stealth
   325 | D:1      | Reached XP level 2. HP: 14/14 MP: 3/3
  1243 | D:1      | Reached XP level 3. HP: 18/18 MP: 4/4
  1648 | D:2      | Reached skill level 1 in Slings
  1668 | D:2      | Reached XP level 4. HP: 11/22 MP: 5/5
  1984 | D:2      | Found a faded altar to an unknown god.
  2167 | D:2      | Reached skill level 7 in Stealth
  2358 | D:3      | Noticed Kiel97's ghost (amateur DsFE)
  2879 | D:3      | Reached XP level 5. HP: 25/25 MP: 6/6
  3139 | D:3      | Noticed an ogre
  3168 | D:3      | Killed an ogre
  3381 | D:3      | HP: 1/25 [Kiel97's ghost/flame tongue (13)]
  3383 | D:3      | Killed from afar by Kiel97's ghost

Action                   |  1- 3 |  4- 6 || total
-------------------------+-------+-------++-------
Melee: Dagger            |   121 |   156 ||   277
 Fire: Hunting sling     |       |    20 ||    20
       Blowgun           |       |     1 ||     1
 Stab: Sleeping          |     7 |     8 ||    15
  Eat: Bread ration      |       |     1 ||     1
